 Dungeon Crawl Stone Soup version 0.30-a0-373-gd37427bb62 (webtiles) character file.

Game seed: 5465414188965499229

275 karrick the Covered (level 6, -1/38 HPs)
             Began as a Gargoyle Fighter on Nov 25, 2022.
             Was an Initiate of Okawaru.
             Slain by a bullfrog (4 damage)
             ... on level 7 of the Dungeon.
             The game lasted 00:06:35 (4983 turns).

karrick the Covered (Gargoyle Fighter)              Turns: 4983, Time: 00:06:36

Health: -1/38      AC: 16    Str: 20    XL:     6   Next: 25%
Magic:  6/6        EV:  9    Int:  8    God:    Okawaru [......]
Gold:   278        SH:  4    Dex: 11    Spells: 5/5 levels left

rFire   . . .      SeeInvis .    a - +1 flail
rCold   . . .      Faith    .    c - +0 buckler
rNeg    + . .      Spirit   .    b - +0 scale mail
rPois   ∞          Reflect  .    x - +2 helmet
rElec   +          Harm     .    l - scarf {repulsion}
rCorr   .          Rampage  .    A - +0 pair of gloves
Will    .....                    (no boots)
Stlth   ..........               (no amulet)
HPRegen 0.26/turn                (no ring)
MPRegen 0.10/turn                (no ring)

@: mighty, repel missiles
A: sickness immunity, AC +4, negative energy resistance 1, electricity
resistance, torment resistance 1, petrification resistance
a: Renounce Religion


You were on level 7 of the Dungeon.
You worshipped Okawaru.
Okawaru was noncommittal.
You visited 2 branches of the dungeon, and saw 8 of its levels.

You collected 278 gold pieces.

Inventory:

Hand Weapons
 a - a +1 flail (weapon)
Armour
 b - a +0 scale mail (worn)
 c - a +0 buckler (worn)
 l - a scarf of repulsion (worn)
 x - a +2 helmet (worn)
 A - a +0 pair of gloves (worn)
Jewellery
 q - an amulet of reflection
 r - a ring of wizardry
 t - a ring of protection from cold
Scrolls
 h - 2 scrolls of identify
 k - a scroll of butterflies {unknown}
 n - a scroll of torment {unknown}
 p - a scroll of enchant armour {unknown}
 s - 3 scrolls of noise
 w - a scroll of amnesia {unknown}
 y - a scroll of summoning
 C - a scroll of immolation {unknown}
Potions
 d - a potion of might
 e - a potion of mutation {unknown}
 f - 6 potions of heal wounds {unknown}
 g - 2 potions of brilliance {unknown}
 i - a potion of magic {unknown}
 m - a potion of cancellation {unknown}
 o - 2 potions of curing {unknown}
 u - a potion of flight {unknown}
 v - 2 potions of degeneration {unknown}
 z - a potion of ambrosia {unknown}
 B - a potion of attraction {unknown}


   Skills:
 + Level 4.2 Fighting
 + Level 4.2 Maces & Flails
 + Level 4.8 Armour
 + Level 0.6 Stealth
 + Level 4.0 Shields


You had 5 spell levels left.
You didn't know any spells.
Your spell library was empty.

Dungeon Overview and Level Annotations

Branches:
Dungeon (6/15)             Temple (1/1) D:4

Altars:
Ashenzari
Cheibriados
Dithmenos
Elyvilon
Fedhas
Gozag
Hepliaklqana
Makhleb
Nemelex Xobeh
Okawaru
Qazlal
Sif Muna
Trog
Uskayaw
Vehumet
Xom
Zin
The Shining One

Annotations:
D:4 3 runed translucent doors, Pooter's ghost, amateur TrTm
D:5 Grinder


Innate Abilities, Weirdness & Mutations

You are immune to sickness and miasma.
Your stone body is resilient. (AC +4)
You are immune to poison.
You resist negative energy. (rN+)
You are resistant to electric shocks. (rElec)
You are resistant to unholy torment.
You are immune to petrification.


Message History

The bullfrog hits you but does no damage.
You closely miss the bullfrog.
The bullfrog hits you but does no damage.
You barely miss the bullfrog.
The bullfrog hits you but does no damage.
The bullfrog barely misses you.
You barely miss the bullfrog. The bullfrog barely misses you.
The bullfrog hits you.
You barely miss the bullfrog. You block the bullfrog's attack.
The bullfrog hits you.
You sock the bullfrog!
The bullfrog is heavily wounded.
The bullfrog hits you.
* * * LOW HITPOINT WARNING * * *
You block the bullfrog's attack.
You miss the bullfrog.
The bullfrog is heavily wounded.
The bullfrog hits you.
* * * LOW HITPOINT WARNING * * *
You thump the bullfrog!
The bullfrog is almost dead.
The bullfrog completely misses you. You block the bullfrog's attack.
You closely miss the bullfrog.
The bullfrog is almost dead.
The bullfrog closely misses you.
The bullfrog hits you but does no damage.
You closely miss the bullfrog.
The bullfrog is almost dead.
The bullfrog hits you.
* * * LOW HITPOINT WARNING * * *
The bullfrog hits you but does no damage.
You closely miss the bullfrog.
The bullfrog is almost dead.
The bullfrog hits you but does no damage.
You block the bullfrog's attack.
You closely miss the bullfrog.
The bullfrog is almost dead.
The bullfrog hits you but does no damage.
The bullfrog hits you.
You die...

########
#......#
#.####.######
#.##......oo#
#.##.#.####F#
#......# #@#
####.### #.#
#.# #.# #.#
#.. #.### ###
#...# ###.#
#.# #.#


You could see a bullfrog and 2 orcs.

Vanquished Creatures
  A black bear (D:5)
  2 hounds
  An iguana (D:5)
  4 adders
  A worm (D:3)
  2 dart slugs (D:1)
  4 orcs
  4 ball pythons
  2 endoplasms (D:1)
  6 giant cockroaches
  4 goblins
  3 hobgoblins
  3 quokkas
  3 bats
  11 frilled lizards
  3 kobolds (D:1)
  4 rats
58 creatures vanquished.

Vanquished Creatures (others)
  11 plants
11 creatures vanquished.

Grand Total: 69 creatures vanquished

Notes
Turn   | Place    | Note
-------+----------+-------------------------------------------
     0 | D:1      | karrick the Gargoyle Fighter began the quest for the Orb.
     0 | D:1      | Reached XP level 1. HP: 14/14 MP: 1/1
   130 | D:1      | Reached XP level 2. HP: 19/19 MP: 2/2
   719 | D:1      | Reached XP level 3. HP: 23/23 MP: 3/3
  1307 | D:2      | Found a faded altar of an unknown god.
  2380 | D:3      | Reached XP level 4. HP: 22/29 MP: 4/4
  2790 | D:3      | Found a hide-covered altar of Uskayaw.
  2799 | D:4      | Found a shimmering altar of Xom.
  2807 | D:4      | Found a shimmering blue altar of Sif Muna.
  3092 | D:4      | Found a runed translucent gate.
  3094 | D:4      | Found a runed translucent gate.
  3095 | D:4      | Found a runed translucent gate.
  3097 | D:4      | Noticed Pooter's ghost (amateur TrTm)
  3117 | D:4      | Found a staircase to the Ecumenical Temple.
  3144 | Temple   | Entered the Ecumenical Temple
  3894 | D:4      | Found a radiant altar of Vehumet.
  3894 | D:4      | Found a sparkling altar of Nemelex Xobeh.
  4139 | D:5      | Entered Level 5 of the Dungeon
  4141 | D:5      | Found a bloodstained altar of Trog.
  4176 | D:5      | Reached XP level 5. HP: 21/33 MP: 5/5
  4223 | D:5      | Found a snail-covered altar of Cheibriados.
  4285 | D:5      | Noticed a black bear
  4295 | D:5      | Killed a black bear
  4296 | D:5      | Reached XP level 6. HP: 35/38 MP: 6/6
  4439 | D:5      | Found a broken altar of Ashenzari.
  4448 | D:5      | Found an iron altar of Okawaru.
  4547 | D:5      | Became a worshipper of Warmaster Okawaru
  4705 | D:5      | Noticed Grinder
  4898 | D:6      | You fall into a shaft and drop 1 floor!
  4943 | D:7      | Noticed an orc warrior
  4983 | D:7      | Slain by a bullfrog

Illustrated notes

Levels and vault maps discovered:
D:1:      tarquinn_simple_flora_water_b, layout_loops_corners,
          minmay_lizard_king
D:2:      layout_loops_corners, ebering_ecumenical_altar_sacrificial,
          feat_on_display
D:3:      layout_loops_cross, nicolae_overflow_hidden_temple, minivault_5
D:4:      layout_layer_cave, gammafunk_temple_overflow_pools, minitemple,
          minmay_temple_entry_overgrown, ebering_ghost_rock_garden
D:5:      layout_basic, bloody_trog, amcnicky_altar_gilded,
          mainiacjoe_overflow_swirl, uniq_grinder, uniq_eustachio
D:6:      layout_basic, serial_shops, nicolae_square_shop,
          kennysheep_pointless_box, nicolae_shop_vocational
D:7:      minmay_angry_zag, layout_loops_cross, mainiacjoe_overflow_chevrons,
          marbit_many_paths, lemuel_crystal_altar, st_stairs_4,
          serial_bayou_ford_a
Temple:   jpeg_temple_island

Skill      XL: |  1  2  3  4  5 |
---------------+----------------+-----
Armour         | 4 |  4.8
Maces & Flails | 3 4 |  4.2
Fighting       | 4 |  4.2
Shields        | 4 |  4.0
Stealth        | |  0.6

Action                   |  1- 3 |  4- 6 || total
-------------------------+-------+-------++-------
Melee: Flail             |   179 |    93 ||   272
  Use: Scroll            |       |     5 ||     5
       Potion            |       |     2 ||     2
Armor: Scale mail        |   132 |    62 ||   194
Dodge: Dodged            |    93 |    70 ||   163
Block: Buckler           |    37 |    35 ||    72

Table legend: (Time is in decaauts)
 A = Elapsed time spent in this place.
 B = Non-inter-level travel time spent in this place.
 C = Inter-level travel time spent in this place.
 D = Time resting spent in this place.
 E = Time spent auto-exploring this place.
 F = Levels seen in this place.
 G = Mean time per level.
                   A        B        C        D        E       F      G
               +--------+--------+--------+--------+--------+-----+--------+
         Total |   5107 |   4919 |    188 |      0 |   4214 |   8 |  638.4 |
       Dungeon |   4857 |   4682 |    175 |      0 |   3984 |   7 |  693.9 |
        Temple |    249 |    236 |     13 |      0 |    230 |   1 |  249.0 |
               +--------+--------+--------+--------+--------+-----+--------+

Top non-repeatable levels by time:
     D:4: 1140 daAuts
     D:1: 1063 daAuts
     D:2: 937 daAuts
     D:3: 857 daAuts
     D:5: 602 daAuts
  Temple: 249 daAuts
     D:6: 168 daAuts
     D:7: 86 daAuts
